 Dungeon Crawl Stone Soup version 0.30.0-29-ga12c61a403 (webtiles) character file.

Game seed: 1492488918892625671

19254 Chilbo the Impaler (level 12, -2/94 HPs)
             Began as a Merfolk Ice Elementalist on June 10, 2023.
             Was an Elder of Makhleb.
             Engulfed by a cloud of flame (18 damage)
             ... on level 11 of the Dungeon.
             The game lasted 01:40:35 (14370 turns).

Chilbo the Impaler (Merfolk Ice Elementalist)      Turns: 14370, Time: 01:40:35

Health: -2/94      AC:  7    Str:  9    XL:     12   Next: 67%
Magic:  15/15      EV: 23    Int: 27    God:    Makhleb [****..]
Gold:   1298       SH:  0    Dex: 17    Spells: 7/15 levels left

rFire   . . .        P - +1 scythe
rCold   . . .        (shield currently unavailable)
rNeg    . . .        C - +2 leather armour {rF+}
rPois   +            (no helmet)
rElec   +            h - +0 cloak
rCorr   .            (no gloves)
SInv    .            H - +0 pair of boots
Will    .....        S - amulet "Deikhaem" {rPois Regen+}
Stlth   ++           n - +6 ring of intelligence
HPRegen 1.15/turn    M - ring "Xudaobb" {rElec rF- EV+5 Str-2 Int+7}
MPRegen 0.14/turn

%: no passive effects
@: about to teleport
A: (nimble swimmer 2), mertail
a: Renounce Religion, Minor Destruction, Lesser Servant of Makhleb, Major
Destruction


You were on level 11 of the Dungeon.
You worshipped Makhleb.
Makhleb was greatly pleased with you.
You visited 3 branches of the dungeon, and saw 15 of its levels.
You also visited: Sewer and Bailey.

You collected 1298 gold pieces.

Inventory:

Hand Weapons
 e - a +1 dagger of venom
 P - a +1 scythe (weapon)
Missiles
 c - 2 curare-tipped darts
 f - 5 atropa-tipped darts
 r - 40 poisoned darts (quivered)
 Q - 26 boomerangs
Armour
 h - a +0 cloak (worn)
 C - a +2 leather armour of fire resistance (worn)
 H - a +0 pair of boots (worn)
 V - the +6 chain mail "Doqeujae" {Slay+6}
   (You found it on level 8 of the Dungeon)

   Slay:      It affects your accuracy & damage with ranged weapons and melee
   (+6).
Jewellery
 a - a +6 ring of strength
 n - a +6 ring of intelligence (left hand)
 A - a ring of willpower
 M - the ring "Xudaobb" (right hand) {rElec rF- EV+5 Str-2 Int+7}
   (You found it on level 7 of the Dungeon)

   [ring of evasion]

   EV:        It affects your evasion (+5).
   Str:       It affects your strength (-2).
   Int:       It affects your intelligence (+7).
   rF:        It makes you vulnerable to fire.
   rElec:     It insulates you from electricity.
 R - a ring of flight
 S - the amulet "Deikhaem" (around neck) {rPois Regen+}
   (You found it in a bailey)

   [amulet of regeneration]

   rPois:     It protects you from poison.
   Regen:     It increases your rate of health regeneration.
 Y - a +6 ring of strength
 Z - a +5 ring of evasion
Wands
 F - a wand of roots (17)
 O - a wand of charming (16)
 U - a wand of flame (8)
Scrolls
 k - a scroll of identify
 l - 2 scrolls of amnesia
 m - 3 scrolls of teleportation
 q - 4 scrolls of vulnerability {unknown}
 s - 2 scrolls of butterflies
 t - 3 scrolls of blinking
 u - 2 scrolls of fog {unknown}
 v - 7 scrolls of poison
 z - 2 scrolls of immolation
 B - a scroll of magic mapping
 D - 3 scrolls of enchant weapon
 J - a scroll of silence
 N - 2 scrolls of brand weapon
 W - 2 scrolls of enchant armour {unknown}
Potions
 b - 2 potions of magic
 d - 5 potions of curing
 g - 8 potions of flight
 i - a potion of might
 j - 5 potions of haste
 o - a potion of resistance
 p - a potion of cancellation
 w - a potion of invisibility
 x - 3 potions of heal wounds
 E - 2 potions of lignification {unknown}
 G - a potion of attraction
 I - 2 potions of degeneration
 K - a potion of ambrosia
 L - 2 potions of brilliance
 X - a potion of berserk rage
Miscellaneous
 T - a phial of floods


   Skills:
 * Level 8.3 Fighting
 - Level 16.2 Polearms
 + Level 11.2 Dodging
 - Level 2.1 Stealth
 - Level 2.0 Spellcasting
 + Level 12.5 Ice Magic
 * Level 4.4 Evocations


You had 7 spell levels left.
You knew the following spells:

 Your Spells              Type           Power      Damage    Failure   Level
a - Freeze                Ice            100%       1d10      1%          1
b - Frozen Ramparts       Ice            100%       1d16      1%          3
c - Summon Ice Beast      Ice/Summ       36%        N/A       11%         4

Your spell library contained the following spells:

 Spells                   Type           Power      Damage    Failure   Level
 Ozocubu's Armour         Ice            63%        N/A       1%          3
 Necrotise                Necr           8%         1d4       14%         1
 Metabolic Englaciation   Hex/Ice        18%        N/A       28%         5
 Dazzling Flash           Conj/Hex       4%         N/A       38%         3
 Vampiric Draining        Necr           2%         2d6       38%         3
 Vhi's Electric Charge    Tloc/Air       4%         N/A       38%         3
 Simulacrum               Ice/Necr       18%        N/A       85%         6
 Agony                    Necr           2%         N/A       98%         5
 Arcjolt                  Conj/Air       1%         1d11      98%         5
 Silence                  Hex/Air        1%         N/A       98%         5
 Maxwell's Capacitive Co  Air            1%         ∞         100%        8
 Shatter                  Erth           1%         3d5*      100%        9


Dungeon Overview and Level Annotations

Branches:
Dungeon (13/15)            Temple (1/1) D:4            Lair (0/5) D:11
    Orc (1/2) D:12          Sewer (visited)          Bailey (visited)
 Vaults: D:13-14

Altars:
Ashenzari
Cheibriados
Dithmenos
Elyvilon
Fedhas
Gozag
Hepliaklqana
Kikubaaqudgha
Makhleb
Nemelex Xobeh
Okawaru
Qazlal
Ru
Sif Muna
Trog
Uskayaw
Vehumet
Wu Jian
Xom
Yredelemnul
Zin
The Shining One

Annotations:
D:4 1 runed translucent door, leafyfresh's ghost, weakling GnDe
D:11 Fannar
D:13 1 transporter
Orc:1 Sonja


Innate Abilities, Weirdness & Mutations

((You are very nimble when in or above water. (Stealth+, EV+, Speed+++)))
Your lower body shifts to a powerful aquatic tail in water.


Message History

You hear the flapping of tiny wings.
Really read the scroll of immolation?
Uppercase [Y]es or [N]o only, please.
Really read the scroll of immolation?
As you read the scroll of immolation, it crumbles to dust.
The creatures around you are filled with an inner flame!
Fannar mumbles some strange words.
Fannar drains the heat from the surrounding environment!
Your butterfly disappears in a burst of colours! x7
Your butterfly explodes! x4
The fiery explosion engulfs your butterfly!!
Your butterfly disappears in a burst of colours!
The fiery explosion engulfs you!!
Your butterfly explodes!
The fiery explosion engulfs your butterfly!!
Your butterfly disappears in a burst of colours!
The fiery explosion engulfs your butterfly!!
Your butterfly disappears in a burst of colours!
The fiery explosion engulfs you!
Your butterfly explodes!
The fiery explosion engulfs your butterfly!!
Your butterfly disappears in a burst of colours!
Your butterfly explodes!
The fiery explosion engulfs your butterfly!
Your butterfly disappears in a burst of colours!
Your butterfly explodes! x2
The fiery explosion engulfs your butterfly!
Your butterfly disappears in a burst of colours!
Your butterfly explodes! x2
The fiery explosion engulfs you!
Your butterfly explodes!
The fiery explosion engulfs you!!
* * * LOW HITPOINT WARNING * * *
Your butterfly explodes!
Unknown command.
You are engulfed in blazing flames.
* * * LOW HITPOINT WARNING * * *
As you read the scroll of teleportation, it crumbles to dust.
You feel strangely unstable.
You are engulfed in blazing flames.
You die...

............####....#..##
...........## ##.#...##
#.........## #..#...# ###
###.....### ##e§§#.# ###..
.###...## ##§§.#.# #...#
..##.#.#### #§§#.#.# #.###
...#.#....# #§##.#.# #.#
..<#.#.##.#### ##§##.#.######.#
...#.#.##....###@§##.#...[..).#
..##.#.#####§§§§§###.#...######
.....#..# ###§### #.#.#....#####
....###.######§#####......#......
.............§...........).......
..######.###########.#####.......
.## #..# #...# ##....... ## ##.##
###.### #..>..... #..## ##...#
###........


You could see Fannar (inner flame).

Vanquished Creatures
  5 boulder beetles
  2 two-headed ogres
  A death yak (D:11)
  A deep elf pyromancer (D:12)
  An ugly thing (D:11)
  5 cyclopes
  Joseph (D:8)
  Psyche (D:8)
  2 unseen horrors (D:11)
  A kobold demonologist (D:11)
  4 trolls
  2 wyverns
  A shadow (D:8)
  Sigmund (D:5)
  2 wraiths
  19 yaks
  Eustachio (D:5)
  7 vampire mosquitoes
  2 steam dragons
  A warg (D:12)
  An acid dragon (D:8)
  2 ice beasts
  11 orc warriors
  6 black bears
  A sky beast (D:7)
  An ogre (D:6)
  4 centaurs
  7 kobold brigands
  4 bullfrogs
  2 scorpions
  12 killer bees
  2 howler monkeys
  3 hounds
  2 jellies (D:6)
  2 orc priests
  3 sleepcaps
  6 iguanas
  9 orc wizards
  Natasha (D:3)
  A hound skeleton (D:3)
  4 gnolls (D:5)
  13 adders
  2 river rats (Sewer)
  2 shadow imps
  A spectral adder (D:3)
  An adder zombie (D:3)
  An adder skeleton (D:3)
  5 worms
  4 dart slugs
  An adder simulacrum (D:3)
  26 orcs
  14 ball pythons
  9 endoplasms
  7 giant cockroaches
  8 hobgoblins
  4 jackals (D:1)
  4 quokkas
  4 bats
  6 frilled lizards
  17 goblins
  29 kobolds
  A quokka skeleton (D:3)
  9 rats
312 creatures vanquished.

Notes
Turn   | Place    | Note
-------+----------+-------------------------------------------
     0 | D:1      | Chilbo the Merfolk Ice Elementalist began the quest for the
                  | Orb.
     0 | D:1      | Reached XP level 1. HP: 13/13 MP: 3/3
   149 | D:1      | Reached XP level 2. HP: 16/19 MP: 0/5
   248 | D:1      | Reached skill level 5 in Ice Magic
   555 | D:1      | Reached XP level 3. HP: 21/24 MP: 4/6
   566 | D:1      | Reached skill level 1 in Polearms
  1148 | D:1      | Reached skill level 2 in Polearms
  1733 | D:2      | Reached XP level 4. HP: 29/30 MP: 7/7
  2161 | D:3      | Found a glowing drain.
  2165 | Sewer    | Entered a sewer
  2208 | Sewer    | Noticed a kobold brigand
  2221 | Sewer    | Killed a kobold brigand
  2222 | Sewer    | Reached skill level 4 in Polearms
  2222 | Sewer    | Reached XP level 5. HP: 28/35 MP: 3/8
  2300 | Sewer    | Noticed a kobold brigand
  2318 | Sewer    | Killed a kobold brigand
  2319 | Sewer    | Reached skill level 5 in Polearms
  2442 | Sewer    | Noticed a kobold brigand
  2458 | Sewer    | Killed a kobold brigand
  2459 | Sewer    | Reached XP level 6. HP: 24/42 MP: 5/9
  2466 | Sewer    | Reached skill level 1 in Fighting
  2760 | Sewer    | Reached skill level 6 in Polearms
  2868 | Sewer    | Reached XP level 7. HP: 48/50 MP: 6/10
  3130 | Sewer    | Learned a level 3 spell: Frozen Ramparts
  3560 | D:3      | Reached skill level 7 in Polearms
  3646 | D:3      | Noticed Natasha
  3649 | D:3      | Killed Natasha
  3896 | D:3      | Identified the +7 dagger of Fyoturgh {pain, rF+ Int+5 SInv}
  4025 | D:4      | Found a staircase to the Ecumenical Temple.
  4122 | D:4      | Found a sparkling altar of Nemelex Xobeh.
  4151 | Temple   | Entered the Ecumenical Temple
  4251 | Temple   | Became a worshipper of Makhleb the Destroyer
  4374 | D:4      | Reached skill level 8 in Polearms
  4374 | D:4      | Reached XP level 8. HP: 51/58 MP: 8/11
  4491 | D:4      | Found a runed translucent door.
  4509 | D:4      | Noticed leafyfresh's ghost (weakling GnDe)
  4815 | D:5      | Entered Level 5 of the Dungeon
  4838 | D:5      | Noticed Eustachio
  4878 | D:5      | Killed Eustachio
  5232 | D:5      | Reached * piety under Makhleb
  5253 | D:5      | Found an opulent altar of Gozag.
  5320 | D:5      | Reached skill level 9 in Polearms
  5338 | D:5      | Noticed Sigmund
  5870 | D:6      | Reached skill level 10 in Polearms
  5995 | D:5      | Reached skill level 5 in Fighting
  5995 | D:5      | Reached XP level 9. HP: 39/68 MP: 3/12
  6066 | D:5      | Learned a level 4 spell: Summon Ice Beast
  7182 | D:7      | Reached skill level 11 in Polearms
  7296 | D:7      | Identified the ring "Xudaobb" {rElec rF- EV+5 Str-2 Int+7}
  7355 | D:7      | Found a sacrificial altar of Ru.
  7412 | D:7      | Found an iron altar of Okawaru.
  7681 | D:7      | Found a hide-covered altar of Uskayaw.
  8025 | D:8      | Noticed Psyche
  8708 | D:5      | Killed Sigmund
  8709 | D:5      | Reached skill level 12 in Polearms
  9038 | D:8      | Reached XP level 10. HP: 77/77 MP: 4/13
  9197 | D:9      | Reached ** piety under Makhleb
  9202 | D:9      | Reached skill level 13 in Polearms
  9616 | D:9      | Found a shimmering blue altar of Sif Muna.
  9636 | D:9      | Reached skill level 10 in Ice Magic
  9702 | D:9      | Reached skill level 14 in Polearms
  9735 | D:9      | Found a flagged portal.
  9758 | Bailey   | Entered a bailey
  9860 | Bailey   | Reached XP level 11. HP: 80/87 MP: 11/14
  9869 | Bailey   | Reached *** piety under Makhleb
  9919 | Bailey   | Identified the amulet "Deikhaem" {rPois Regen+}
 10531 | D:8      | Noticed Joseph
 10546 | D:8      | Killed Joseph
 10547 | D:8      | Reached skill level 15 in Polearms
 10574 | D:8      | Identified the +6 chain mail "Doqeujae" {Slay+6}
 10600 | D:8      | Found a basalt altar of Yredelemnul.
 10684 | D:10     | Entered Level 10 of the Dungeon
 11073 | D:10     | Reached skill level 5 in Dodging
 11575 | D:11     | Noticed a cyclops
 11594 | D:11     | Killed a cyclops
 11604 | D:11     | Found a staircase to the Lair.
 11604 | D:11     | Noticed a death yak
 11604 | D:11     | Noticed a brown ugly thing
 11618 | D:11     | Killed a brown ugly thing
 11629 | D:11     | Killed a death yak
 11632 | D:11     | Noticed a boulder beetle
 11675 | D:11     | Killed a boulder beetle
 11810 | D:11     | Noticed a two-headed ogre
 11832 | D:11     | Noticed a soul eater
 11901 | D:11     | Killed a two-headed ogre
 11975 | D:11     | Found a shimmering blue altar of Sif Muna.
 12057 | D:11     | Noticed a cyclops
 12072 | D:11     | Killed a cyclops
 12073 | D:11     | Reached XP level 12. HP: 84/94 MP: 12/15
 12107 | D:11     | Reached skill level 16 in Polearms
 12178 | D:11     | Noticed Fannar
 12376 | D:8      | Killed Psyche
 12477 | D:8      | Got Pesov's Disquisition on Frozen Metal
 12597 | D:8      | Reached skill level 10 in Dodging
 12874 | D:11     | Noticed a boulder beetle
 12898 | D:11     | Killed a boulder beetle
 12958 | D:11     | Reached **** piety under Makhleb
 13199 | D:12     | Reached skill level 1 in Evocations
 13289 | D:12     | Noticed a boulder beetle
 13296 | D:12     | Noticed a two-headed ogre
 13314 | D:12     | Killed a two-headed ogre
 13320 | D:12     | Killed a boulder beetle
 13333 | D:12     | Found a staircase to the Orcish Mines.
 13679 | D:12     | Noticed a boulder beetle
 13717 | D:12     | Killed a boulder beetle
 13797 | D:13     | Noticed a centaur warrior
 13839 | D:12     | Noticed a boulder beetle
 13856 | D:12     | Killed a boulder beetle
 14271 | D:13     | Noticed a two-headed ogre
 14286 | D:13     | Found a transporter.
 14289 | D:13     | Noticed an ettin
 14291 | D:13     | Noticed a two-headed ogre
 14291 | D:13     | Noticed an orc warlord
 14291 | D:13     | Noticed an orc high priest
 14292 | D:13     | Noticed an orc high priest
 14293 | D:13     | Noticed a two-headed ogre
 14293 | D:13     | Noticed an orc warlord
 14312 | Orc:1    | Entered Level 1 of the Orcish Mines
 14312 | Orc:1    | Noticed Sonja
 14370 | D:11     | Engulfed by a cloud of flame

Illustrated notes

Levels and vault maps discovered:
D:1:      dpeg_arrival_orchard, layout_basic, serial_rivers,
          chequers_serial_rivers_micro_b, chequers_serial_rivers_micro_a,
          chequers_serial_rivers_marsh, chequers_serial_rivers_small_3,
          chequers_serial_rivers_large_a, corexii_leaking_fountain,
          minmay_unequal
D:2:      layout_basic, minmay_strange_pillars, st_stairs_12
D:3:      layout_loops_ring, gup_sewer_entry_bowl, dilly_guarded_unrand_morg
D:4:      layout_rooms, mainiacjoe_overflow_cross_hatched,
          minmay_temple_entry_drinking_statues, ebering_ghost_sewer_d
D:5:      layout_loops_ring, mainiacjoe_overflow_six_doors_small, uniq_sigmund,
          uniq_eustachio
D:6:      layout_layer_cave
D:7:      layout_loops_cross, mainiacjoe_overflow_tiny_flanked,
          grunt_temple_overflow_open, minivault_5
D:8:      layout_basic, mainiacjoe_overflow_concentric_impassable,
          wad_mini_maze, uniq_psyche, uniq_joseph
D:9:      layout_loops_ring, lemuel_doored_altar, enter_bailey_4
D:10:     layout_irregular_city, grunt_decor_mini_mirrors, kennysheep_cross_room
D:11:     layout_rooms, david_lair_generic, lemuel_blue_sif_altar, uniq_fannar
D:12:     layout_loops_ring, david_orc_3
D:13:     gammafunk_beogh_shrine, layout_grid_maze, eino_house_with_fridge
Temple:   nicolae_temple_superstar
Orc:1:    layout_caves, basic_altar, gammafunk_ghost_abyssal_escape, uniq_erica,
          uniq_sonja

Skill      XL: |  1  2  3  4  5  6  7  8  9 10 11 12 |
---------------+-------------------------------------+-----
Ice Magic      | 5 6 7 8 9 10 11 12 | 12.5
Polearms       | 2 4 5 6 8 10 12 14 15 16 | 16.2
Fighting       | 2 3 5 6 8 |  8.3
Dodging        | 9 11 | 11.2
Evocations     | 4 |  4.4
Stealth        | |  2.1
Spellcasting   | |  2.0

Action                     |  1- 3 |  4- 6 |  7- 9 | 10-12 || total
---------------------------+-------+-------+-------+-------++-------
  Melee: Unarmed           |    67 |       |       |       ||    67
         Dagger            |     7 |       |       |       ||     7
         Spear             |    77 |    76 |   198 |       ||   351
         Punch             |     1 |       |     4 |       ||     5
         Tailslap          |       |     1 |       |       ||     1
         Trident           |       |       |   118 |       ||   118
         Halberd           |       |       |    14 |   384 ||   398
  Throw: Dart              |       |     1 |    19 |    40 ||    60
         Boomerang         |       |       |       |    13 ||    13
   Cast: Freeze            |    29 |    33 |   125 |    28 ||   215
         Frozen Ramparts   |       |       |    13 |    56 ||    69
         Summon Ice Beast  |       |       |     1 |     2 ||     3
  Evoke: Wand              |       |       |       |     7 ||     7
    Use: Potion            |       |     2 |     3 |     3 ||     8
         Scroll            |       |     1 |     6 |    14 ||    21
   Stab: Sleeping          |     7 |     5 |    10 |     1 ||    23
         Distracted        |     1 |       |     1 |       ||     2
 Armour: Robe              |    30 |     4 |    17 |       ||    51
         Leather armour    |       |       |    52 |    44 ||    96
         Chain mail        |       |       |       |     6 ||     6
  Dodge: Dodged            |    95 |    42 |   191 |   200 ||   528
